 Dungeon Crawl Stone Soup version 0.21.1-1-g345015f (webtiles) character file.

199 solstalker the Poker (level 5, -4/40 HPs)
             Began as a Demonspawn Gladiator on Apr 20, 2018.
             Was an Initiate of Yredelemnul.
             Killed from afar by AdmiralAndromeda's ghost (7 damage)
             ... with a magic dart
             ... on level 3 of the Dungeon.
             The game lasted 00:16:08 (1904 turns).

solstalker the Poker (Demonspawn Gladiator)         Turns: 1904, Time: 00:16:09

Health: -4/40      AC:  6    Str: 15    XL:     5   Next: 48%
Magic:  5/5        EV: 11    Int:  9    God:    Yredelemnul [......]
Gold:   126        SH:  0    Dex: 15    Spells: 4/4 levels left

rFire    . . .     SeeInvis .   a - +1 trident
rCold    . . .     Gourm    .   (no shield)
rNeg     . . .     Faith    .   w - +0 scale mail
rPois    .         Spirit   .   (helmet restricted)
rElec    .         Reflect  .   (no cloak)
rCorr    .         Harm     +   (no gloves)
MR       .....                  (no boots)
Stlth    ..........             t - amulet of harm
HPRegen  0.13/turn              (no ring)
MPRegen  0.09/turn              (no ring)

@: berserk cooldown, slowed, very slow
A: antennae 2
a: Renounce Religion


You were on level 3 of the Dungeon.
You worshipped Yredelemnul.
Yredelemnul was noncommittal.
You were very full.

You visited 1 branch of the dungeon, and saw 3 of its levels.

You collected 126 gold pieces.

Inventory:

Hand Weapons
 a - a +1 trident (weapon)
 i - a +0 club
 j - a +0 short sword
 l - a cursed -1 club
 m - a +0 dagger
 q - a +0 hunting sling
 v - a +0 short sword
 x - a +0 whip
 z - a +0 club
Missiles
 d - 3 throwing nets
 k - 93 stones (quivered)
 p - 16 poisoned needles
 A - 14 sling bullets
Armour
 b - a +0 leather armour
 c - a +0 helmet
 g - a +0 robe
 w - a +0 scale mail (worn)
Jewellery
 e - an uncursed amulet of rage
 t - an amulet of harm (around neck)
Potions
 n - 2 potions of lignification
 o - 2 potions of mutation
 s - a potion of might
Comestibles
 f - 4 rations
 u - a chunk of flesh


   Skills:
 + Level 2.9 Fighting
 + Level 4.1 Polearms
 + Level 1.9 Throwing
 + Level 2.0 Armour
 + Level 3.3 Dodging
 + Level 0.4 Stealth


You had 4 spell levels left.
You didn't know any spells.

Dungeon Overview and Level Annotations

Branches:
Dungeon (3/15)

Altars:
Yredelemnul

Annotations:
D:3 AdmiralAndromeda's ghost, amateur BaCj


Innate Abilities, Weirdness & Mutations

You have a pair of antennae on your head.


Message History

AdmiralAndromeda's ghost (amateur Barachi Conjurer) comes into view.
There isn't anything here!
AdmiralAndromeda's ghost wails, "You must not succeed where I failed!"
AdmiralAndromeda's ghost points at you and mumbles some strange words.
The magic dart hits you!
* * * LOW HITPOINT WARNING * * *
You see here an adder corpse.
You butcher the adder corpse.
AdmiralAndromeda's ghost gestures at you while chanting.
The magic dart hits you!
* * * LOW HITPOINT WARNING * * *
AdmiralAndromeda's ghost points at you and mumbles some strange words.
The magic dart hits you!
* * * LOW HITPOINT WARNING * * *
You see here 2 chunks of flesh.
You see here an adder corpse.
AdmiralAndromeda's ghost points at you and mumbles some strange words.
The magic dart hits you!
You die...
Your body rises from the dead as a mindless zombie.

,,,,,,,,,,* *,,,,,,,,,,*
,,,,,,,,,,*###.#.......#*
*,,,,,,,,,,,............#
**,,,,,,.,**#...........#
*,,,,,,,..###...........#
*,,,,,,,....>....(......#
,,,,,,,,..#......)......#
,,,,,,,,..............>#*
,,,,,,,,,,*#.<#<@.....#*
,,,,,,,,,,*#.....†...## ****
,,,,,,,,,*###.....%..#*##,,*
,,,,,,,,,............#...,**
*****,,,,..##..........#*** *
*,,,...##..W.....####**** *
**,,,.,...............,,,*
****,,,,,,.##..#####.....,,,*
,,,,,,,,,,,#..#* *.....,,,*


You could see AdmiralAndromeda's ghost.

Vanquished Creatures
  A phantom (D:3)
  A bullfrog skeleton (D:3)
  Terence (D:2)
  2 adders (D:3)
  An ooze (D:1)
  A worm (D:2)
  A ball python (D:2)
  7 bats
  2 giant cockroaches (D:1)
  3 goblins
  5 hobgoblins
  4 kobolds (D:1)
  A frilled lizard (D:1)
  5 rats
35 creatures vanquished.

Notes
Turn   | Place    | Note
-------+----------+-------------------------------------------
     0 | D:1      | solstalker the Demonspawn Gladiator began the quest for the Orb.
     0 | D:1      | Reached XP level 1. HP: 16/16 MP: 1/1
   323 | D:1      | Reached skill level 3 in Polearms
   341 | D:1      | Gained mutation: You have a pair of small antennae on your head. [demonic ancestry]
   341 | D:1      | Reached XP level 2. HP: 16/22 MP: 2/2
  1254 | D:2      | Found a basalt altar of Yredelemnul.
  1262 | D:2      | Became a worshipper of Yredelemnul the Dark
  1296 | D:2      | Gained mutation: You have a pair of antennae on your head. [demonic ancestry]
  1296 | D:2      | Reached XP level 3. HP: 22/27 MP: 3/3
  1364 | D:2      | Noticed Terence
  1386 | D:2      | Killed Terence
  1853 | D:3      | Noticed a phantom
  1859 | D:3      | Reached skill level 1 in Armour
  1859 | D:3      | Reached XP level 4. HP: 30/34 MP: 4/4
  1884 | D:3      | Killed a phantom
  1884 | D:3      | Reached skill level 4 in Polearms
  1884 | D:3      | Reached XP level 5. HP: 4/40 MP: 5/5
  1900 | D:3      | Noticed AdmiralAndromeda's ghost (amateur BaCj)
  1902 | D:3      | HP: 2/40 [AdmiralAndromeda's ghost/magic dart (1)]
  1904 | D:3      | Killed from afar by AdmiralAndromeda's ghost

Skill      XL: |  1  2  3  4  5 |
---------------+----------------+-----
Polearms       | 3 4 |  4.1
Dodging        | 3 |  3.3
Armour         | 1 2 |  2.0
Fighting       | |  2.9
Throwing       | |  1.9
Stealth        | |  0.4

Action                   |  1- 3 |  4- 6 || total
-------------------------+-------+-------++-------
Melee: Trident           |   111 |    26 ||   137
  Use: Scroll            |     9 |     1 ||    10
       Potion            |       |     2 ||     2
 Stab: Sleeping          |     1 |       ||     1
  Eat: Ration            |     1 |     2 ||     3
Armor: Leather armour    |    17 |       ||    17
       Scale mail        |     6 |    11 ||    17
Dodge: Dodged            |    66 |    14 ||    80
